Map: Blackburn LE

Players

Neeb

  • Race: Protoss Protoss

sOs - Winner!

  • Race: Protoss Protoss

Event: DreamHack SC2 Masters 2021 Fall

VOD

Have the link to the VOD?

Description

Time

  • Played on: Sept. 7, 2021, 12:15 p.m.
  • Length: 22:15

All games in this series

Show
View Real Time Build Order
Export as new Build Order

Neeb Protoss 

Build Orders: Oracle Opening 

Get SALT Encoding   

  12  0:00  Probe  
  13  0:12  Probe  
  14  0:19  Pylon  
  14  0:24  Probe  
  15  0:37  Probe (Chrono Boost)  
  15  0:40  Gateway  
  16  0:47  Assimilator, Probe (Chrono Boost)  
  17  0:52  Probe  
  18  0:57  Assimilator  
  18  1:04  Probe (Chrono Boost)  
  19  1:12  Pylon  
  19  1:14  Probe (Chrono Boost)  
  20  1:19  Probe (Chrono Boost)  
  21  1:27  Cybernetics Core  
  21  1:30  Probe  
  24  1:42  Probe  
  23  1:54  Probe  
  26  2:03  Stargate  
  26  2:09  Pylon  
  26  2:22  Nexus  
  24  2:27  Stalker  
  26  2:31  Warp Gate  
  26  2:33  Probe  
  26  2:40  Void Ray (Chrono Boost)  
  26  2:46  Shield Battery  
  30  2:51  Probe  
  31  3:04  Pylon  
  31  3:19  Oracle (Chrono Boost)  
  31  3:22  Stalker, Probe  
  37  3:34  Probe  
  37  3:35  Probe  
  37  3:40  Twilight Council  
  39  3:46  Probe  
  39  3:47  Probe  
  41  3:53  Gateway  
  41  3:58  Probe  
  41  3:59  Probe  
  43  4:09  Blink (Chrono Boost)  
  43  4:10  Probe  
  43  4:15  Gateway  
  43  4:16  Gateway  
  42  4:21  Pylon  
  42  4:22  Probe  
  42  4:25  Probe  
  42  4:28  Stalker  
  45  4:35  Probe  
  44  4:39  Probe  
  41  4:47  Probe  
  41  4:48  Stalker  
  41  4:52  Probe  
  45  4:53  Pylon  
  45  4:55  Stalker  
  45  4:59  Probe  
  48  5:04  Probe  
  49  5:11  Probe  
  49  5:13  Stalker  
  55  5:16  Probe  
  53  5:23  Stalker x3, Probe  
  53  5:27  Gateway  
  57  5:30  Probe  
  57  5:35  Probe  
  59  5:42  Probe  
  59  5:43  Stalker  
  59  5:47  Probe  
  62  5:54  Stalker, Probe  
  62  5:55  Stalker x2  
  69  5:58  Pylon  
  69  6:01  Probe  
  70  6:10  Charge (Chrono Boost)  
  70  6:14  Nexus  
  70  6:16  Probe  
  65  6:34  Stalker x2  
  65  6:36  Probe  
  65  6:39  Probe  
  67  6:46  Nexus  
  67  6:47  Pylon  
  67  6:50  Probe  
  67  6:53  Probe  
  67  6:58  Zealot x2  
  67  6:59  Zealot  
  73  7:02  Probe  
  73  7:06  Zealot  
  73  7:07  Zealot  
  73  7:08  Probe  
  79  7:15  Probe  
  78  7:20  Probe  
  78  7:23  Zealot x3  
  78  7:26  Probe  
  78  7:27  Probe  
  85  7:33  Robotics Facility  
  85  7:34  Probe  
  86  7:38  Probe  
  86  7:39  Probe  
  88  7:46  Gateway  
  88  7:48  Probe  
  88  7:49  Gateway  
  87  7:52  Gateway, Probe  
  87  7:53  Templar Archives  
  87  7:58  Probe x2  
  90  8:06  Probe  
  90  8:07  Probe  
  90  8:10  Probe  
  91  8:15  Assimilator  
  91  8:16  Assimilator, Zealot x4  
  91  8:17  Pylon  
  91  8:18  Probe  
  91  8:19  Probe  
  101  8:20  Probe  
  101  8:22  Probe  
  103  8:27  Pylon  
  103  8:30  Probe  
  103  8:31  Pylon  
  103  8:33  Pylon  
  102  8:40  Pylon  
  102  8:41  High Templar x2, Zealot x3  
  106  8:46  Archon  
  106  8:47  Probe  
  106  8:48  Probe  
  113  8:49  Zealot x2  
  113  8:53  Gateway  
  117  8:57  Gateway x2  
  117  9:01  Forge  
  117  9:02  Probe  
  117  9:04  Probe  
  118  9:11  Pylon, Probe  
  118  9:13  Observer  
  118  9:14  Pylon, High Templar x2  
  118  9:15  Zealot x2  
  128  9:20  Archon  
  128  9:21  Pylon  
  128  9:23  Pylon, Probe  
  128  9:28  Protoss Ground Weapons Level 1 (Chrono Boost)  
  128  9:29  Probe  
  129  9:31  Probe  
  129  9:32  Probe  
  129  9:37  Assimilator x2  
  129  9:38  Robotics Bay, Probe  
  132  9:41  Probe  
  132  9:42  Shield Battery  
  132  9:44  Shield Battery  
  132  9:45  Robotics Facility, Probe  
  134  9:52  Immortal (Chrono Boost)  
  136  9:53  Probe  
  136  9:56  Shield Battery  
  136  9:58  Probe  
  138  10:06  Probe  
  139  10:11  Probe  
  139  10:13  Probe  
  139  10:14  Stalker x4  
  147  10:23  Colossus (Chrono Boost)  
  147  10:25  Shield Battery  
  147  10:27  Probe x2  
  149  10:29  Pylon  
  149  10:30  Colossus (Chrono Boost)  
  161  10:41  Pylon  
  161  10:42  Pylon  
  159  10:44  Pylon  
  159  10:45  Zealot x6  
  159  10:47  Photon Cannon  
  159  10:49  Zealot x2  
  172  10:52  Zealot  
  172  10:53  Zealot  
  132  11:11  Zealot x4  
  132  11:13  Zealot x6  
  111  11:34  Stalker x2  
  111  11:35  Zealot x4  
  111  11:36  Zealot x9  
  127  11:46  High Templar  
  103  11:55  High Templar x3  
  103  11:56  High Templar x2  
  103  11:57  High Templar x2, Zealot x2  
  103  12:00  Archon x2  
  121  12:01  Archon  
  112  12:12  Zealot  
  112  12:13  Archon  
  83  12:19  Zealot x2  
  78  12:23  Zealot x5  
  78  12:28  Protoss Ground Weapons Level 2 (Chrono Boost)  
  78  12:29  Immortal (Chrono Boost)  
  74  12:32  Stalker x2  
  82  12:41  Zealot x3  
  82  12:42  Nexus  
  86  13:03  High Templar x2, Zealot x4  
  98  13:07  Zealot x4  
  98  13:08  Archon  
  104  13:29  Stalker  
  104  13:30  Zealot x5  
  116  13:46  Assimilator, Pylon  
  116  13:48  High Templar x2  
  120  13:50  Assimilator  
  120  13:52  Archon  
  120  14:12  High Templar x2, Zealot  
  120  14:13  Zealot x3  
  130  14:17  Archon  
  130  14:19  Zealot x2  
  134  14:25  High Templar x2  
  134  14:30  Archon  
  138  14:34  Zealot x2  
  142  14:45  High Templar  
  142  14:46  High Templar, Zealot x2  
  142  14:51  Archon  
  150  14:54  Observer (Chrono Boost)  
  151  15:18  Robotics Bay  
  151  15:20  Robotics Facility  
  151  15:22  Shield Battery  
  151  15:24  Shield Battery  
  149  15:31  Shield Battery  
  145  15:37  High Templar x2  
  145  15:39  Sentry  
  145  15:41  Pylon  
  151  15:43  Zealot x3  
  151  15:44  Archon  
  157  16:02  Zealot x3  
  163  16:07  Zealot  
  163  16:09  Zealot x2  
  167  16:13  High Templar x2  
  167  16:17  Observer, Archon  
  165  16:21  Disruptor (Chrono Boost)  
  168  16:37  Disruptor (Chrono Boost)  
  171  16:48  Disruptor (Chrono Boost)  
  172  17:06  Disruptor (Chrono Boost)  
  172  17:09  Nexus  
  172  17:10  Pylon  
  175  17:17  Disruptor (Chrono Boost)  
  178  17:26  Zealot x4  
  182  17:38  Zealot x2  
  182  17:39  Zealot  
  188  17:51  Probe x2  
  186  17:52  Probe  
  186  17:58  Observer x2  
  189  18:02  Zealot  
  189  18:03  Probe  
  186  18:09  Zealot  
  180  18:14  Zealot  
  172  18:24  Disruptor x2  
  172  18:26  Zealot  
  175  18:31  Zealot x2  
  175  18:44  Probe  
  176  18:53  Probe  
  174  18:59  Disruptor x2  
  180  19:04  Probe x3  
  180  19:09  Probe  
  184  19:13  Dark Shrine  
  184  19:16  Probe  
  183  19:32  Zealot x4  
  183  19:36  Observer (Chrono Boost), Probe  
  192  19:45  Observer (Chrono Boost)  
  192  19:49  Assimilator, Pylon  
  192  19:51  Assimilator  
  192  19:52  Observer (Chrono Boost)  
  191  20:17  Probe x2  
  193  20:21  Probe  
  193  20:24  Photon Cannon  
  193  20:26  Shadow Stride (Chrono Boost)  
  194  20:32  Stargate  
  194  20:36  Dark Templar x3  
  194  20:41  Nexus  
  196  20:56  Disruptor  
  199  20:59  Probe  
  199  21:00  Probe  
  169  21:14  Dark Templar x3, Sentry  
  169  21:15  Stalker x2  
  120  21:40  Stalker x5  
  103  21:53  Stalker x2  
Show
View Real Time Build Order
Export as new Build Order

sOs Protoss - Winner!

Build Orders: Phoenix Opening, Archon Immortal 

Get SALT Encoding   

  12  0:00  Probe  
  13  0:12  Probe  
  14  0:19  Pylon  
  14  0:24  Probe  
  15  0:37  Probe (Chrono Boost)  
  15  0:41  Gateway  
  16  0:47  Probe (Chrono Boost)  
  16  0:49  Assimilator  
  17  0:52  Probe (Chrono Boost)  
  17  0:56  Assimilator  
  18  1:05  Probe (Chrono Boost)  
  18  1:06  Pylon  
  19  1:17  Probe (Chrono Boost)  
  20  1:22  Probe (Chrono Boost)  
  21  1:28  Cybernetics Core  
  21  1:31  Zealot  
  21  1:32  Probe  
  24  1:44  Probe  
  25  1:56  Probe  
  26  2:01  Pylon  
  26  2:05  Stalker, Warp Gate  
  28  2:10  Probe  
  29  2:22  Stargate  
  29  2:32  Probe  
  30  2:44  Nexus  
  30  2:54  Probe  
  31  2:58  Gateway  
  31  3:05  Phoenix (Chrono Boost)  
  30  3:09  Probe  
  33  3:18  Pylon  
  33  3:21  Phoenix (Chrono Boost)  
  33  3:22  Probe  
  36  3:34  Probe  
  36  3:38  Phoenix (Chrono Boost)  
  39  3:46  Probe  
  40  3:56  Probe  
  40  3:58  Phoenix (Chrono Boost)  
  40  3:59  Probe  
  44  4:05  Stalker  
  44  4:08  Probe  
  47  4:11  Probe  
  47  4:17  Robotics Facility  
  46  4:22  Phoenix  
  46  4:23  Probe  
  49  4:36  Probe x2  
  51  4:48  Pylon, Probe x2 (Chrono Boost)  
  51  4:50  Sentry  
  55  4:54  Shield Battery  
  55  4:56  Assimilator  
  55  4:57  Forge  
  55  5:00  Probe (Chrono Boost)  
  55  5:01  Probe (Chrono Boost)  
  55  5:04  Assimilator, Observer (Chrono Boost)  
  58  5:10  Probe x2 (Chrono Boost)  
  60  5:17  Probe  
  60  5:18  Probe  
  62  5:25  Observer, Immortal (Chrono Boost)  
  66  5:30  Stalker  
  66  5:34  Gateway  
  66  5:35  Gateway  
  68  5:37  Probe  
  68  5:38  Probe  
  70  5:44  Protoss Ground Weapons Level 1, Shield Battery  
  70  5:55  Stalker  
  70  6:00  Pylon  
  70  6:05  Immortal (Chrono Boost)  
  70  6:13  Shield Battery  
  70  6:18  Twilight Council  
  70  6:19  Stalker  
  72  6:31  Stalker x2  
  66  6:37  Immortal (Chrono Boost)  
  70  6:43  Stalker  
  72  6:48  Pylon  
  72  6:55  Zealot x2  
  72  6:58  Charge  
  76  7:07  Gateway  
  76  7:08  Gateway  
  76  7:10  Gateway  
  76  7:14  Immortal (Chrono Boost)  
  76  7:16  Zealot  
  76  7:17  Zealot  
  76  7:19  Sentry  
  86  7:27  Gateway  
  86  7:28  Templar Archives  
  86  7:42  Zealot  
  86  7:44  Observer  
  86  7:47  Pylon x2  
  86  7:48  Protoss Ground Weapons Level 2 (Chrono Boost)  
  86  7:52  Observer  
  86  7:57  Observer  
  86  8:01  Pylon  
  86  8:08  High Templar x2  
  86  8:09  Zealot x4  
  98  8:13  Archon  
  98  8:21  Nexus  
  98  8:23  Pylon  
  98  8:24  Zealot  
  100  8:34  High Templar x2, Zealot x2  
  104  8:39  Archon  
  108  8:49  Shield Battery  
  108  8:50  Probe x2  
  108  8:54  High Templar  
  108  8:55  High Templar, Zealot x2  
  118  8:59  Archon  
  118  9:04  Shield Battery  
  118  9:07  Pylon  
  118  9:13  Pylon  
  118  9:25  Probe x2  
  118  9:27  High Templar  
  118  9:28  High Templar, Zealot  
  126  9:32  Archon  
  126  9:35  Zealot x4  
  134  9:43  Probe  
  134  9:44  Shield Battery  
  135  9:48  Pylon  
  135  9:49  Warp Prism (Chrono Boost)  
  135  9:52  Observer  
  137  9:56  High Templar x2  
  137  9:57  Zealot  
  143  10:00  Archon  
  143  10:02  Zealot x2  
  143  10:06  Pylon  
  147  10:07  Pylon  
  147  10:19  High Templar x2  
  147  10:20  Zealot  
  150  10:25  Archon  
  150  10:27  Zealot x2  
  154  10:28  Zealot  
  154  10:29  Zealot  
  158  10:37  Pylon  
  158  10:56  Zealot x7  
  136  11:19  Zealot x7  
  110  11:42  Zealot x5  
  110  11:43  Zealot x2  
  118  12:08  Zealot x7  
  122  12:12  Zealot x3  
  122  12:13  Zealot x4  
  122  12:14  Warp Prism (Chrono Boost)  
  80  12:34  High Templar x3  
  80  12:35  High Templar x3  
  80  12:36  Zealot  
  84  12:38  Nexus  
  84  12:39  Gateway  
  84  12:40  Archon x3  
  84  12:41  Gateway  
  84  12:44  Immortal (Chrono Boost)  
  88  12:59  Shield Battery  
  88  13:02  High Templar x4  
  88  13:03  Zealot x2  
  100  13:06  Archon  
  100  13:07  Archon, Zealot  
  102  13:17  Probe  
  102  13:18  Probe x2  
  105  13:24  High Templar x2  
  109  13:27  Zealot  
  109  13:28  Archon  
  109  13:29  Observer  
  109  13:30  Immortal  
  109  13:32  Zealot x4  
  123  13:47  High Templar x2  
  127  13:52  Zealot x3  
  127  13:53  Archon, Zealot x2  
  127  13:55  Probe  
  136  13:56  Probe  
  136  14:16  High Templar x2  
  136  14:17  Zealot x5  
  142  14:20  Zealot  
  142  14:21  Archon  
  152  14:25  Zealot  
  154  14:43  High Templar x2  
  154  14:44  Zealot x4  
  166  14:47  Archon  
  166  14:49  Zealot x3  
  172  15:04  Zealot x4  
  176  15:09  Probe  
  176  15:11  Observer  
  173  15:15  Zealot x5  
  184  15:21  Probe  
  184  15:27  High Templar x2, Zealot x2  
  192  15:31  Archon  
  192  15:35  Photon Cannon  
  192  15:40  Zealot x2  
  196  15:43  Robotics Bay  
  196  15:47  Pylon  
  196  15:57  Pylon  
  196  16:06  Zealot  
  196  16:07  Zealot  
  198  16:14  Zealot  
  188  16:23  Robotics Facility  
  188  16:28  Probe  
  188  16:30  Assimilator  
  188  16:31  Assimilator, Disruptor (Chrono Boost)  
  189  16:33  Photon Cannon  
  189  16:36  Shield Battery  
  189  16:38  Pylon  
  192  16:42  Observer  
  192  16:45  Probe  
  193  16:48  Assimilator x2  
  193  16:52  Nexus  
  193  17:03  Disruptor (Chrono Boost)  
  193  17:10  Disruptor (Chrono Boost)  
  197  17:30  Disruptor (Chrono Boost)  
  194  17:49  Disruptor  
  169  18:17  Probe  
  150  18:30  Observer x2 (Chrono Boost)  
  132  18:42  Protoss Ground Weapons Level 3 (Chrono Boost)  
  130  18:49  Phoenix (Chrono Boost)  
  132  18:59  Zealot x8  
  132  19:00  Zealot  
  132  19:02  Disruptor (Chrono Boost)  
  148  19:04  Observer (Chrono Boost)  
  152  19:10  Phoenix  
  152  19:23  Extended Thermal Lance  
  152  19:27  Zealot x3  
  152  19:28  Zealot x6  
  153  19:43  Phoenix  
  153  19:45  Colossus (Chrono Boost)  
  165  19:50  Colossus (Chrono Boost), Zealot x9  
  185  19:55  Probe x4  
  185  19:57  Probe  
  176  20:22  Zealot  
  176  20:27  Observer  
  178  20:40  Colossus (Chrono Boost)  
  178  20:41  Colossus (Chrono Boost)  
  190  20:57  Observer  
  168  21:09  High Templar x3  
  168  21:10  High Templar x2  
  168  21:11  High Templar, Zealot x3  
  162  21:15  Archon  
  162  21:16  Archon x2  
  96  21:49  Zealot x8  
  96  21:50  Zealot  
  98  22:11  Zealot  

Tags
 
Add a new tag
Caveats
  • Supply blocks, unpowered buildings, or Contaminate may cause inaccurate times.
  • Supply counts are checked every 10 seconds.